 Dungeon Crawl Stone Soup version 0.30-a0-341-g682706514a (webtiles) character file.

Game seed: 14068838399845803583

102032 oldmanjim the Eclecticist (level 16, -2/130 HPs)
             Began as a Djinni Earth Elementalist on Oct 29, 2022.
             Was an Elder of Ashenzari.
             Slain by a wolf spider (7 damage)
             ... on level 1 of the Spider Nest on Nov 3, 2022.
             The game lasted 04:37:44 (23839 turns).

oldmanjim the Eclecticist (DjEE)                   Turns: 23839, Time: 04:37:45

Health: -2/130     AC: 10    Str: 15    XL:     16   Next: 84%
Gold:   1794       EV: 12    Int: 23    God:    Ashenzari [****..] SH: 13 Dex: 14

rFire   + + .      SeeInvis +    b - +9 long sword (elec)
rCold   . . .      Faith    .    T - +0 kite shield of Supernal Understanding {Evo, Self} (curse)
rNeg    . . .      Spirit   .    F - +0 troll leather armour of Toth-Mos's Legacy {Regen+, Melee, Self} (curse)
rPois   ∞          Reflect  .    d - +0 helmet of the Stellar Seer {Evo, Range} (curse)
rElec   +          Harm     .    (no cloak)
rCorr   .          Rampage  .    S - +2 pair of gloves "Restrained Malaise" {Fort, Range} (curse)
Will    +....      Clarity  +    (boots unavailable)
Stlth   ++........               Z - amulet "Wysass" {rElec rPois Regen+}
HPRegen 2.01/turn                c - ring "Share My Panentheism" {rC+, Fort, Self} (curse)
MPRegen 0.00/turn                j - ring "Per Aspera Ad Scientiam" {Str+6, Range, Self} (curse)

@: animating dead, flying, studying 2 skills
A: sickness immunity, fire resistance 2, cold vulnerability 1, float, innate
caster, HP casting, extra vitality 1
a: Renounce Religion, Curse Item, Shatter the Chains


You were on level 1 of the Spider Nest.
You worshipped Ashenzari.
Ashenzari was greatly pleased with you.
You visited 5 branches of the dungeon, and saw 24 of its levels.
You also visited: Sewer, Ice Cave and Volcano.

You collected 2468 gold pieces.
You spent 674 gold pieces at shops.

Inventory:

Hand Weapons
 a - a +4 spear of flaming
 b - a +9 long sword of electrocution (weapon)
 q - a +0 hand crossbow
Missiles
 h - 6 atropa-tipped darts
 o - 6 javelins
 G - 2 throwing nets
 I - 2 curare-tipped darts
 V - 6 datura-tipped darts (quivered)
Armour
 d - the cursed +0 helmet of the Stellar Seer (worn) {Evo, Range}
   (You found it on level 1 of the Dungeon)

   It has a curse which improves the following skills: Evocations: Evocations.
   Ranged Combat: Ranged Weapons and Throwing.
 s - a +2 pair of gloves of infusion
 y - a +0 kite shield of cold resistance
 F - the cursed +0 troll leather armour of Toth-Mos's Legacy (worn) {Regen+, Melee, Self}
   (You found it on level 6 of the Dungeon)

   Regen:     It increases your rate of health regeneration.
   It has a curse which improves the following skills: Melee Combat: Short
   Blades, Long Blades, Axes, Maces & Flails, Polearms, Staves and Unarmed
   Combat.
   Introspection: Fighting and Spellcasting.
 S - the cursed +2 pair of gloves "Restrained Malaise" (worn) {Fort, Range}
   (You found it on level 8 of the Dungeon)

   It has a curse which improves the following skills: Fortitude: Armour and
   Shields.
   Ranged Combat: Ranged Weapons and Throwing.
 T - the cursed +0 kite shield of Supernal Understanding (worn) {Evo, Self}
   (You found it on level 8 of the Dungeon)

   It has a curse which improves the following skills: Evocations: Evocations.
   Introspection: Fighting and Spellcasting.
 X - a +2 hat
Jewellery
 c - the cursed ring "Share My Panentheism" (left hand) {rC+, Fort, Self}
   (You found it on level 1 of the Dungeon)

   [ring of protection from cold]

   rC:        It protects you from cold.
   It has a curse which improves the following skills: Fortitude: Armour and
   Shields.
   Introspection: Fighting and Spellcasting.
 j - the cursed ring "Per Aspera Ad Scientiam" (right hand) {Str+6, Range, Self}
   (You found it on level 1 of the Dungeon)

   [ring of strength]

   Str:       It affects your strength (+6).
   It has a curse which improves the following skills: Ranged Combat: Ranged
   Weapons and Throwing.
   Introspection: Fighting and Spellcasting.
 N - a ring of protection from fire
 U - a ring of wizardry
 W - a ring of protection from cold
 Z - the amulet "Wysass" (around neck) {rElec rPois Regen+}
   (You bought it in a shop on level 2 of the Orcish Mines)

   [amulet of regeneration]

   rElec:     It insulates you from electricity.
   rPois:     It protects you from poison.
   Regen:     It increases your rate of health regeneration.
Wands
 g - a wand of paralysis (16)
 v - a wand of iceblast (13)
 w - a wand of light (6)
 D - a wand of digging (5)
 Y - a wand of flame (5)
Scrolls
 i - 3 scrolls of summoning
 m - 4 scrolls of silence
 p - 9 scrolls of fog
 r - 3 scrolls of enchant armour
 t - 5 scrolls of fear
 x - 3 scrolls of blinking
 z - a scroll of brand weapon
 C - 5 scrolls of teleportation
 L - 4 scrolls of magic mapping
 P - 2 scrolls of poison
 Q - 3 scrolls of vulnerability
 R - a scroll of enchant weapon
Potions
 e - 8 potions of brilliance
 f - 5 potions of resistance
 k - 9 potions of curing
 l - 4 potions of attraction
 u - 4 potions of haste
 A - 5 potions of invisibility
 B - 3 potions of lignification
 E - 5 potions of might
 H - 5 potions of heal wounds
 J - 2 potions of ambrosia
 M - a potion of mutation
 O - 2 potions of berserk rage
Miscellaneous
 K - a phial of floods


   Skills:
 - Level 12.3(17.0) Fighting
 + Level 11.8(13.7) Long Blades
 - Level 5.6(8.5) Armour
 - Level 5.0 Dodging
 - Level 1.5 Stealth
 - Level 12.5(15.4) Shields
 + Level 15.1(19.7) Spellcasting
 - Level 7.0(10.0) Evocations


You had 18 spell levels left.
You knew the following spells:

 Your Spells              Type           Power      Damage    Failure   Level
a - Sandblast             Erth           100%       2d20      0%          1
b - Passwall              Tmut/Erth      70%        N/A       0%          2
c - Stone Arrow           Conj/Erth      100%       3d13      0%          3
d - Petrify               Tmut/Erth      85%        N/A       0%          4
e - Beastly Appendage     Tmut           100%       N/A       0%          1
f - Scorch                Fire           100%       2d10      0%          2
g - Portal Projectile     Hex/Tloc       100%       N/A       0%          3
h - Animate Dead          Necr           85%        N/A       0%          4
i - Freezing Cloud        Conj/Ice/Air   42%        6-21      1%          5
j - Arcjolt               Conj/Air       42%        1d52      1%          5
k - Starburst             Conj/Fire      42%        6d12      1%          6
Your spell library was empty.

Dungeon Overview and Level Annotations

Branches:
Dungeon (15/15)            Temple (1/1) D:6            Lair (5/5) D:10
 Shoals (0/4) Lair:3       Spider (1/4) Lair:3        Slime (0/5) Lair:4
    Orc (2/2) D:9             Elf (0/3) Orc:2        Vaults (0/5) D:13
 Depths (0/4) D:15          Sewer (visited)           IceCv (visited)
Volcano (visited)

Altars:
Ashenzari
Cheibriados
Dithmenos
Elyvilon
Fedhas
Gozag
Hepliaklqana
Makhleb
Nemelex Xobeh
Okawaru
Qazlal
Ru
Trog
Uskayaw
Wu Jian
Xom
Yredelemnul
Zin
The Shining One
Lugonu

Shops:
Orc:2 *(*=!

Portals:
Abyss: Lair:5

Annotations:
D:5 1 runed translucent door, exclusion: door, Crazy Yiuf
D:12 Azrael


Innate Abilities, Weirdness & Mutations

You are immune to sickness and miasma.
You are immune to poison.
Your flesh is very heat resistant. (rF++)
You are vulnerable to cold. (rC-)
You float through the air rather than walking.
You learn spells naturally, not from books.
Your magical power is your life essence.
You have superior vitality. (+4 MHP)


Message History

The stone arrow hits the demonic crawler!
The demonic crawler is severely wounded.
A redback comes into view.
You block the redback's attack. The demonic crawler hits you.
You block the demonic crawler's attack. The demonic crawler barely misses you.
A steelbarb worm comes into view.
You block the culicivora's attack. The redback barely misses you.
You slash the demonic crawler!
The demonic crawler is almost dead.
You block the demonic crawler's attack. x3
The wolf spider hits you but does no damage.
The wolf spider bites you. The redback bites you!
The culicivora bites you but does no damage.
Unknown command.
You hit the demonic crawler.
The demonic crawler is almost dead.
The demonic crawler hits you. You block the demonic crawler's attack.
The demonic crawler closely misses you. The wolf spider barely misses you.
The wolf spider bites you.
* * * LOW HITPOINT WARNING * * *
The wolf spider's wounds heal themselves!
The redback closely misses you.
You barely miss the demonic crawler.
The demonic crawler is almost dead.
You block the wolf spider's attack. x2; The culicivora bites you!
* * * LOW HITPOINT WARNING * * *
The demonic crawler misses you. You block the demonic crawler's attack.
The demonic crawler barely misses you. The redback bites you.
* * * LOW HITPOINT WARNING * * *
The culicivora attacks as you move away!
The culicivora barely misses you.
The wolf spider attacks as you move away!
The wolf spider hits you!
* * * LOW HITPOINT WARNING * * *
You block the wolf spider's attack. You block the redback's attack.
The demonic crawler hits you!
* * * LOW HITPOINT WARNING * * *
You block the demonic crawler's attack. The demonic crawler misses you.
You block the wolf spider's attack. The wolf spider bites you!
You die...

,> , ,,* .......#, *
,* , ,,,, ,#..
...#.,, , * .. * *
#†##..... , , ,
.§#****###†..†...., ,
**** ..☼§
#..<#......,,,* , , ,
.s§§####.......... ,
,,,,
.§§§§..........#..
,** ,
*,,§§§§§§..#........#
, ,
*#§§§.s@.w........,,
, ,
.....#ss.....#....
,,, ,, ,,,
...}...s.....#.#.# ,
,, ,
.................. ,
, ,,*
,....§#...#$.......,
** ,, ,
.○§..§...##......#* ,
, *
..§#..§...,..#..^. ,
* .§°#.§....,##.....
* * ,.#.....#...
,..#.#**


You could see a steelbarb worm, a demonic crawler, a wolf spider, a culicivora
and 2 redbacks.

Vanquished Creatures
  Rupert (D:13)
  Gastronok (D:12)
  A reaper (IceCv)
  The ghost of greasedhog the Basher, a journeyman GrCA of Ignis (Lair:4)
  A fire dragon (Volcano)
  3 hydras
  Erica (Orc:1)
  4 boulder beetles
  2 catoblepae
  An ogre mage (Orc:2)
  5 centaur warriors
  7 two-headed ogres
  2 tengu warriors (D:13)
  A vampire mage (D:15)
  3 sun demons (Volcano)
  An orc high priest (Orc:2)
  Amaemon (Lair:1)
  Urug (D:13)
  3 thrashing horrors (Lair:5)
  A skeletal warrior (D:15)
  A pharaoh ant (Spider:1)
  A titan skeleton (D:15)
  A necromancer (D:15)
  5 orc knights
  A lindwurm (D:11)
  2 deep elf pyromancers (D:14)
  9 ugly things
  An ugly thing zombie (D:15)
  5 orc sorcerers
  A wolf spider (Spider:1)
  An oklob plant (D:10)
  7 cyclopes
  A frost giant zombie (D:15)
  A wolf spider (shapeshifter) (Lair:5)
  A manticore (D:15)
  6 elephants (Lair:3)
  A fire giant skeleton (D:15)
  2 ice statues (IceCv)
  2 gargoyles (D:11)
  A merfolk siren (Lair:3)
  6 black mambas
  5 cane toads
  Maggie (D:9)
  A torpor snail (Lair:4)
  An orange demon (Lair:1)
  10 komodo dragons
  A yaktaur (shapeshifter) (Lair:5)
  4 rime drakes
  A freezing wraith (D:15)
  6 ice devils (IceCv)
  2 efreet (D:14)
  An anaconda simulacrum (IceCv)
  An ancient zyme (Lair:5)
  6 trolls
  4 polar bears
  A queen bee (shapeshifter) (Lair:5)
  3 meliai (D:14)
  3 hornets
  5 slime creatures (D:12)
  6 saltlings (Orc:2)
  3 merfolk (Lair:3)
  24 blink frogs (Lair:5)
  Sigmund (D:5)
  2 culicivoras
  2 jumping spiders
  A shadow (D:12)
  A vampire (D:12)
  32 yaks
  2 wyverns
  A spriggan (Lair:5)
  2 ynoxinuls (Lair:5)
  4 fire elementals (D:12)
  2 wraiths (D:11)
  10 basilisks
  16 humans (D:13)
  2 chaos spawn (Lair:5)
  9 steam dragons (Volcano)
  10 redbacks
  7 vampire mosquitoes
  Menkaure (D:5)
  A harpy simulacrum (IceCv)
  A two-headed ogre zombie (Orc:2)
  6 wargs
  2 acid dragons
  An acid dragon (shapeshifter) (Lair:5)
  3 hell hounds (D:12)
  2 large abominations (Lair:5)
  A hydra simulacrum (IceCv)
  16 water moccasins
  8 orc warriors
  A black bear (Lair:2)
  2 ice beasts
  6 ogres
  13 wolves
  8 small abominations (Lair:5)
  11 centaurs
  2 kobold brigands
  A komodo dragon zombie (Lair:1)
  10 bullfrogs
  2 gnoll sergeants
  A necrophage (D:5)
  A scorpion (D:6)
  2 two-headed ogre simulacra (IceCv)
  A cane toad simulacrum (IceCv)
  A troll zombie (D:15)
  18 wights
  2 yak zombies (D:11)
  6 killer bees
  An elephant simulacrum (IceCv)
  3 howler monkeys
  6 electric eels
  2 lava snakes (D:11)
  A hound (D:5)
  5 jellies
  8 orc priests
  3 iguanas (D:5)
  13 orc wizards
  7 hell rats (Lair:3)
  4 polar bear simulacra (IceCv)
  2 spriggan simulacra (IceCv)
  A troll simulacrum (IceCv)
  23 gnolls
  2 naga simulacra (IceCv)
  7 adders
  A steam dragon zombie (Volcano)
  3 shadow imps
  16 white imps
  4 ufetubi
  4 worms (D:2)
  2 dart slugs
  60 orcs
  5 ball pythons
  5 bats
  10 endoplasms
  7 giant cockroaches
  5 goblins
  6 hobgoblins
  16 jackals
  21 kobolds
  6 quokkas
  5 frilled lizards
  2 orc zombies (Orc:2)
  5 rats
  6 pillars of salt (Orc:2)
697 creatures vanquished.

Vanquished Creatures (collateral kills)
  Fannar (Lair:1)
  A centaur warrior (D:15)
  A two-headed ogre (Orc:2)
  An orc knight (Orc:2)
  3 ugly things (D:15)
  A cane toad (Lair:1)
  A komodo dragon (Lair:1)
  A guardian mummy (D:15)
  A saltling (Orc:2)
  A spriggan zombie (D:15)
  3 yaks
  A water moccasin (Lair:1)
  An orc warrior (Orc:2)
  3 wolves (Lair:1)
  A bullfrog (D:7)
  2 killer bees (D:9)
  A gnoll bouda (D:7)
  3 orc wizards
  4 orcs
  A kobold (D:9)
  2 butterflies (D:6)
34 creatures vanquished.

Vanquished Creatures (others)
  5 ugly thing zombies (D:15)
  A wizard (D:3)
  2 redback zombies (Spider:1)
  4 two-headed ogre zombies (Orc:2)
  A hornet zombie (D:9)
  A vampire mosquito zombie (D:13)
  A yak zombie (D:11)
  A troll zombie (Orc:2)
  A bullfrog zombie (Lair:1)
  2 centaur zombies (D:15)
  3 killer bee zombies
  4 ogre zombies
  A howler monkey zombie (D:10)
  5 gnoll zombies
  A kobold zombie (D:6)
  11 orc zombies
  17 fungi
  15 plants
  4 withered plants (D:15)
80 creatures vanquished.

Grand Total: 811 creatures vanquished

Notes
Turn   | Place    | Note
-------+----------+-------------------------------------------
     0 | D:1      | oldmanjim the Djinni Earth Elementalist began the quest for
                  | the Orb.
     0 | D:1      | oldmanjim set off with the following spells memorised:
                  | Sandblast, Passwall, Stone Arrow, Petrify.
     0 | D:1      | Reached XP level 1. HP: 15/15 MP: 0/0
   217 | D:1      | Reached XP level 2. HP: 17/21 MP: 0/0
   390 | D:1      | Reached skill level 3 in Spellcasting
   443 | D:1      | Reached XP level 3. HP: 9/25 MP: 0/0
   443 | D:1      | Learned a level 1 spell: Beastly Appendage
   829 | D:2      | Identified the +1 plate armour of Distant Worlds {Fly Int+3
                  | Slay+2}
  1003 | D:2      | Reached XP level 4. HP: 31/31 MP: 0/0
  1146 | D:2      | Reached skill level 1 in Fighting
  1292 | D:2      | Found a faded altar of an unknown god.
  1346 | D:2      | Reached skill level 4 in Spellcasting
  1346 | D:2      | Reached XP level 5. HP: 35/37 MP: 0/0
  1346 | D:2      | Learned a level 2 spell: Scorch
  1388 | D:2      | Found an ornate altar of the Wu Jian Council.
  2254 | D:3      | Found a bloodstained altar of Trog.
  2255 | D:3      | Noticed a wizard
  2260 | D:3      | Killed a wizard
  2411 | D:4      | Found a glowing drain.
  2470 | Sewer    | Entered a sewer
  2566 | Sewer    | Noticed a water moccasin
  2573 | Sewer    | Killed a water moccasin
  2574 | Sewer    | Reached skill level 5 in Spellcasting
  2574 | Sewer    | Reached XP level 6. HP: 34/42 MP: 0/0
  3094 | D:4      | Found an ornate altar of the Wu Jian Council.
  3174 | D:4      | Reached XP level 7. HP: 47/47 MP: 0/0
  3174 | D:4      | Learned a level 3 spell: Portal Projectile
  3492 | D:5      | Entered Level 5 of the Dungeon
  4046 | D:5      | Noticed Menkaure
  4054 | D:5      | Killed Menkaure
  4055 | D:5      | Reached XP level 8. HP: 18/56 MP: 0/0
  4161 | D:5      | Noticed Sigmund
  4165 | D:5      | Killed Sigmund
  4470 | D:5      | Reached skill level 6 in Spellcasting
  4760 | D:5      | Found a runed translucent door.
  4761 | D:5      | Noticed Crazy Yiuf
  4807 | D:6      | Found a staircase to the Ecumenical Temple.
  4814 | Temple   | Entered the Ecumenical Temple
  4965 | D:6      | Found a blossoming altar of Fedhas.
  4979 | D:6      | Reached skill level 1 in Long Blades
  4979 | D:6      | Reached skill level 5 in Dodging
  5077 | D:6      | Noticed a cyclops
  5090 | D:6      | Killed a cyclops
  5091 | D:6      | Reached XP level 9. HP: 29/62 MP: 0/0
  5091 | D:6      | Learned a level 4 spell: Animate Dead
  5226 | D:6      | Noticed a troll
  5237 | D:6      | Killed a troll
  5238 | D:6      | Reached skill level 7 in Spellcasting
  5640 | D:6      | Reached skill level 8 in Spellcasting
  5690 | D:6      | Found a white marble altar of Elyvilon.
  5722 | D:6      | Found a shimmering altar of Xom.
  5813 | D:6      | Found a sparkling altar of Nemelex Xobeh.
  6286 | D:7      | Reached XP level 10. HP: 56/67 MP: 0/0
  6289 | D:7      | Reached skill level 9 in Spellcasting
  6796 | D:7      | Found a broken altar of Ashenzari.
  6804 | D:7      | Became a worshipper of Ashenzari the Shackled
  7385 | D:8      | Reached skill level 10 in Spellcasting
  8106 | D:9      | Reached XP level 11. HP: 73/73 MP: 0/0
  8106 | D:9      | Learned a level 5 spell: Freezing Cloud
  8216 | D:9      | Found a staircase to the Orcish Mines.
  8254 | D:9      | Reached skill level 10 in Shields
  8402 | D:9      | Noticed Maggie
  8410 | D:9      | Killed Maggie
  8509 | D:9      | Reached * piety under Ashenzari
  8554 | D:9      | Reached skill level 5 in Fighting
  8896 | D:10     | Entered Level 10 of the Dungeon
  8911 | D:10     | Reached XP level 12. HP: 76/81 MP: 0/0
  9236 | D:10     | Found a staircase to the Lair.
  9559 | D:11     | Reached skill level 1 in Evocations
  9565 | D:11     | Reached skill level 11 in Spellcasting
  9584 | D:11     | Identified Sif Muna's Precepts of Hedging
 10139 | D:11     | Reached ** piety under Ashenzari
 10146 | D:11     | Noticed a centaur warrior
 10153 | D:11     | Killed a centaur warrior
 10393 | D:11     | Found a runed translucent door.
 10393 | D:11     | Identified the +1 hat "Jitul" {Harm rElec}
 10410 | D:11     | Reached skill level 1 in Armour
 10435 | D:11     | Found a runed translucent gate.
 10435 | D:11     | Found a runed translucent gate.
 10435 | D:11     | Found a runed translucent gate.
 10435 | D:11     | Found a runed translucent gate.
 10435 | D:11     | Found a runed translucent gate.
 10435 | D:11     | Found a runed translucent gate.
 10435 | D:11     | Noticed a boulder beetle
 10435 | D:11     | Noticed a boulder beetle
 10437 | D:11     | Identified the amulet of Ekiuga {Acrobat Rampage}
 10617 | Lair:1   | Entered Level 1 of the Lair of Beasts
 10648 | Lair:1   | Noticed a catoblepas
 10662 | Lair:1   | Killed a catoblepas
 10663 | Lair:1   | Reached skill level 5 in Long Blades
 10866 | Lair:1   | Noticed Amaemon
 10873 | Lair:1   | Killed Amaemon
 11030 | Lair:1   | Noticed Fannar
 11046 | Lair:1   | Killed Fannar
 11047 | Lair:1   | Reached skill level 12 in Spellcasting
 11047 | Lair:1   | Reached XP level 13. HP: 69/90 MP: 0/0
 11047 | Lair:1   | Learned a level 5 spell: Arcjolt
 11568 | Lair:1   | Reached *** piety under Ashenzari
 11798 | Lair:2   | Found a dark tunnel.
 11807 | Volcano  | Entered a volcano
 11923 | Volcano  | Reached skill level 5 in Evocations
 11943 | Volcano  | Noticed a fire dragon
 11951 | Volcano  | Killed a fire dragon
 12472 | Lair:2   | Upgraded the game from 0.30-a0-331-g8ab09dc110 to
                  | 0.30-a0-335-ge5acde7520
 12809 | Lair:2   | Upgraded the game from 0.30-a0-335-ge5acde7520 to
                  | 0.30-a0-339-g89bb51ec76
 12815 | Lair:2   | Reached **** piety under Ashenzari
 13018 | Lair:3   | Noticed a seven-headed hydra
 13025 | Lair:3   | Killed a seven-headed hydra
 13050 | Lair:3   | Found a hole to the Spider Nest.
 13101 | Lair:3   | Reached skill level 13 in Spellcasting
 13195 | Lair:3   | Reached XP level 14. HP: 100/106 MP: 0/0
 13279 | Lair:3   | Found a staircase to the Shoals.
 13906 | Lair:4   | Found a frozen archway.
 13926 | IceCv    | Entered an ice cave
 14406 | IceCv    | Noticed a reaper
 14418 | IceCv    | HP: 1/108 [something (19)]
 14432 | IceCv    | Killed a reaper
 14552 | IceCv    | Found the +8 frozen axe "Frostbite" {freezing cloud, *Noise
                  | Fly rC+}
 14810 | Lair:4   | Found a runed translucent door.
 14813 | Lair:4   | Noticed greasedhog's ghost (journeyman GrCA)
 14985 | Lair:4   | Found a staircase to the Slime Pits.
 15091 | Lair:4   | Identified the +1 leather armour of Pathos {Str+5}
 15418 | Lair:4   | Killed greasedhog's ghost
 15498 | Lair:4   | Upgraded the game from 0.30-a0-339-g89bb51ec76 to
                  | 0.30-a0-341-g682706514a
 15499 | Lair:5   | Entered Level 5 of the Lair of Beasts
 15805 | Lair:5   | Reached skill level 10 in Long Blades
 16324 | Lair:5   | Reached XP level 15. HP: 111/116 MP: 0/0
 16324 | Lair:5   | Learned a level 6 spell: Starburst
 17016 | Lair:5   | Found a corrupted altar of Lugonu.
 17016 | Lair:5   | Found a one-way gate to the infinite horrors of the Abyss.
 17265 | Lair:5   | Found a corrupted altar of Lugonu.
 17271 | Lair:5   | Found a one-way gate to the infinite horrors of the Abyss.
 18262 | D:12     | Reached ***** piety under Ashenzari
 18527 | D:12     | Noticed Gastronok
 18549 | D:12     | Killed Gastronok
 18808 | D:12     | Noticed Azrael
 19213 | D:12     | Reached skill level 14 in Spellcasting
 19462 | Orc:1    | Entered Level 1 of the Orcish Mines
 19580 | Orc:1    | Paralysed by an orc sorcerer for 5 turns
 19910 | Orc:2    | Entered Level 2 of the Orcish Mines
 19982 | Orc:2    | Found a staircase to the Elven Halls.
 19995 | Orc:2    | Reached skill level 5 in Armour
 20026 | Orc:2    | Found Weptupum's General Store.
 20047 | Orc:2    | Reached skill level 10 in Fighting
 20399 | Orc:2    | Found Afol's Antique Weapon Shoppe.
 20625 | Orc:2    | Found Vuseig's Distillery.
 20627 | Orc:2    | Found Inisugiy's Jewellery Shop.
 20640 | Orc:2    | Bought the amulet "Wysass" {rElec rPois Regen+} for 674
                  | gold pieces
 20673 | Orc:2    | Found Musalud's General Store.
 20903 | Orc:1    | Noticed Erica
 20913 | Orc:1    | Killed Erica
 20914 | Orc:1    | Reached XP level 16. HP: 79/126 MP: 0/0
 21176 | D:13     | Noticed Rupert
 21176 | D:13     | Noticed Urug
 21176 | D:13     | Found a gate to the Vaults.
 21181 | D:13     | Killed Rupert
 21183 | D:13     | Killed Urug
 22722 | D:15     | Entered Level 15 of the Dungeon
 23027 | D:15     | Found a staircase to the Depths.
 23044 | D:15     | Reached skill level 15 in Spellcasting
 23766 | Spider:1 | Entered Level 1 of the Spider Nest
 23839 | Spider:1 | HP: 5/130 [demonic crawler (7)]
 23839 | Spider:1 | Slain by a wolf spider

Illustrated notes

Levels and vault maps discovered:
D:1:      ncdulo_wetmaze, layout_rooms
D:2:      layout_rooms, ebering_ecumenical_altar_webs, basic_altar
D:3:      layout_basic, trog_wizard
D:4:      layout_basic, nzn_wu_jian_contemplation, gup_sewer_entry_glass
D:5:      layout_basic, minmay_manual_mares, uniq_sigmund, uniq_menkaure,
          uniq_crazy_yiuf_cottage
D:6:      layout_cave_pools, mainiacjoe_overflow_tiny_flanked, xom_butterflies,
          nemelex_diamond_rough_becter, kennysheep_little_box,
          minmay_temple_entry_mini_moons, minmay_door_square, kb_rosetta
D:7:      layout_loops_ring, lemuel_coloured_pillars_altar, minivault_19
D:8:      layout_loops_cross
D:9:      layout_basic, david_orc_2, uniq_maggie
D:10:     layout_rooms, dpeg_oklobed_lair
D:11:     gammafunk_indiana_jones, layout_long_grid
D:12:     layout_basic, uniq_gastronok, uniq_azrael
D:13:     layout_big_octagon, david_vaults_3
D:14:     layout_roguey
D:15:     gammafunk_depths_entry_grave, layout_irregular_city, nrook_mini_vaults
Temple:   regret_index_temple_waves
Lair:1:   layout_concentric_octagons, lemuel_fruit_tree, uniq_amaemon,
          uniq_fannar
Lair:2:   layout_regular_city, enter_volcano_2, guppyfry_lair_drakes,
          serial_bayou_shore_b, grunt_megastairs_1, infiniplex_staircase_pool_2,
          serial_bayou_shore_a
Lair:3:   layout_regular_city, elwin_shoals_entry_stream,
          spider_nest_entry_rubble
Lair:4:   layout_roguey, slime_entry_1, portal_ice_cave_entry_imps,
          hellmonk_ghost_happy_afterlife, lemuel_fruit_fields,
          grunt_megastairs_2
Lair:5:   hellmonk_lair_end_abyssal_woods, layout_hall_layers,
          minmay_hedge_maze, nicolae_lair_grove_arrangements
Spider:1: layout_spider_delve
Orc:1:    layout_caves, uniq_erica
Orc:2:    hellmonk_orc_salted, layout_caves, basic_altar, serial_shops,
          nicolae_shop_statue_plus

Skill      XL: |  1  2  3  4  5  6  7  8  9 10 11 12 13 14 15 16 |
---------------+-------------------------------------------------+-----
Spellcasting   | 3 4 5 6 8 10 12 13 14 15 | 15.1
Fighting       | 1 3 4 5 6 7 9 10 12 | 12.3
Dodging        | 4 5 |  5.0
Long Blades    | 4 6 7 10 11 | 11.8
Shields        | 9 10 11 12 | 12.5
Evocations     | 3 7 |  7.0
Armour         | 2 3 5 |  5.6
Stealth        | |  1.5

Action                   |  1- 3 |  4- 6 |  7- 9 | 10-12 | 13-15 | 16-18 || total
-------------------------+-------+-------+-------+-------+-------+-------++-------
Melee: Falchion          |       |       |     6 |       |       |       ||     6
       Punch             |       |       |     1 |       |       |       ||     1
       Spear             |       |       |     2 |    57 |    46 |       ||   105
       Long sword        |       |       |       |       |   131 |    94 ||   225
 Fire: Shortbow          |       |       |    35 |    11 |       |       ||    46
Throw: Stone             |     3 |     2 |       |       |     2 |       ||     7
       Dart              |       |     6 |     2 |       |     1 |     1 ||    10
 Cast: Sandblast         |    58 |    74 |    14 |    16 |    56 |       ||   218
       Stone Arrow       |       |    18 |    86 |   175 |   235 |    43 ||   557
       Scorch            |       |     5 |       |    12 |    12 |     1 ||    30
       Beastly Appendage |       |     3 |       |     3 |       |       ||     6
       Petrify           |       |       |     5 |     4 |     8 |       ||    17
       Passwall          |       |       |     1 |       |     3 |       ||     4
       Portal Projectile |       |       |     2 |       |       |       ||     2
       Animate Dead      |       |       |     4 |     8 |     3 |     5 ||    20
       Freezing Cloud    |       |       |       |    11 |   195 |    60 ||   266
       Arcjolt           |       |       |       |       |    25 |    15 ||    40
       Starburst         |       |       |       |       |     4 |       ||     4
Invok: Curse Item        |       |       |       |     3 |     4 |       ||     7
       Shatter the Chain |       |       |       |       |     1 |       ||     1
  Use: Scroll            |       |       |     5 |     6 |     9 |       ||    20
       Potion            |       |       |       |     3 |       |       ||     3
 Stab: Petrified         |       |       |       |     1 |     6 |       ||     7
       Sleeping          |       |       |       |     1 |     1 |       ||     2
       Distracted        |       |       |       |       |       |     2 ||     2
Armor: Robe              |    11 |     9 |     7 |       |       |       ||    27
       Troll leather arm |       |       |     2 |    47 |    65 |    34 ||   148
Dodge: Dodged            |    24 |    15 |    43 |   113 |   138 |    48 ||   381
Block: Kite shield       |       |       |       |    79 |   197 |    98 ||   374

Table legend: (Time is in decaauts)
 A = Elapsed time spent in this place.
 B = Non-inter-level travel time spent in this place.
 C = Inter-level travel time spent in this place.
 D = Time resting spent in this place.
 E = Time spent auto-exploring this place.
 F = Levels seen in this place.
 G = Mean time per level.
                   A        B        C        D        E       F      G
               +--------+--------+--------+--------+--------+-----+--------+
         Total |  23990 |  22431 |   1559 |   2219 |  14665 |  27 |  888.5 |
       Dungeon |  14714 |  13676 |   1038 |   1477 |   9038 |  15 |  980.9 |
        Temple |    130 |    102 |     28 |      0 |     90 |   1 |  130.0 |
          Lair |   6169 |   5852 |    317 |    340 |   4307 |   5 | 1233.8 |
   Spider Nest |     69 |     69 |      0 |      0 |     12 |   1 |   69.0 |
  Orcish Mines |   1634 |   1459 |    175 |    148 |    895 |   2 |  817.0 |
         Sewer |    210 |    210 |      0 |     30 |    115 |   1 |  210.0 |
      Ice Cave |    798 |    798 |      0 |    224 |    169 |   1 |  798.0 |
       Volcano |    262 |    262 |      0 |      0 |     39 |   1 |  262.0 |
               +--------+--------+--------+--------+--------+-----+--------+

Top non-repeatable levels by time:
  Lair:5: 2139 daAuts
    D:11: 1747 daAuts
  Lair:1: 1225 daAuts
     D:7: 1186 daAuts
     D:5: 1170 daAuts
     D:4: 1107 daAuts
    D:12: 1083 daAuts
  Lair:3: 1060 daAuts
    D:14: 1045 daAuts
     D:6: 1028 daAuts
   Orc:2: 1027 daAuts
     D:8: 916 daAuts
  Lair:2: 899 daAuts
    D:15: 893 daAuts
     D:9: 878 daAuts
